 Dungeon Crawl Stone Soup version 0.22-a0-407-gb098539 (webtiles) character file.

3676 dstrtnsr the Cleaver (level 10, 0/141 HPs)
             Began as a Hill Orc Berserker on May 10, 2018.
             Was a Priest of Trog.
             Killed from afar by Erica (8 damage)
             ... with a bolt of poison
             ... on level 10 of the Dungeon.
             The game lasted 00:05:26 (6782 turns).

dstrtnsr the Cleaver (Hill Orc Berserker)           Turns: 6782, Time: 00:05:27

Health: 0/141      AC: 25    Str: 24    XL:     10   Next: 13%
Magic:  10/10      EV:  2    Int:  7    God:    Trog [***...]
Gold:   370        SH:  0    Dex: 10    Spells: 9/9 levels left

rFire    . . .     SeeInvis +   C - +2 war axe (drain)
rCold    . . .     Gourm    .   (no shield)
rNeg     + + +     Faith    .   (armour currently unavailable)
rPois    +         Spirit   .   (helmet currently unavailable)
rElec    .         Reflect  .   (cloak currently unavailable)
rCorr    .         Harm     .   (gloves currently unavailable)
MR       .....     NoTele   +   (boots currently unavailable)
Stlth    +.........             (no amulet)
HPRegen  0.33/turn              (no ring)
MPRegen  0.12/turn              i - ring of see invisible

@: confused, tree-form, berserk cooldown, hasted, very quick
A: no striking features
a: Berserk, Trog's Hand, Renounce Religion


You were on level 10 of the Dungeon.
You worshipped Trog.
Trog was most pleased with you.
You were near starving.
You were a tree.
You visited 1 branch of the dungeon, and saw 10 of its levels.

You collected 370 gold pieces.

Inventory:

Hand Weapons
 B - a cursed -1 war axe
 C - a +2 war axe of draining (weapon)
Missiles
 j - 75 poisoned needles
 y - 2 throwing nets (quivered)
Armour
 a - a cursed +0 chain mail (melded)
 k - a +0 cloak (melded)
 w - a +0 pair of boots (melded)
Jewellery
 i - a ring of see invisible (right branch)
 A - an uncursed ring of protection from fire {unknown}
 D - a +3 ring of strength {unknown}
 F - a cursed ring of teleportation {unknown}
Wands
 I - a wand of iceblast (9)
 V - a wand of digging (13)
Scrolls
 b - 3 scrolls of identify {@r1}
 c - a scroll of remove curse {unknown}
 d - 2 scrolls of fog
 f - a scroll of enchant armour {unknown}
 h - 3 scrolls of fear {unknown}
 l - a scroll of amnesia {unknown}
 p - a scroll of random uselessness {unknown}
 u - a scroll of magic mapping {unknown}
 x - a scroll of noise {unknown}
Potions
 g - a potion of lignification
 m - a potion of invisibility {unknown}
 n - a potion of might {unknown}
 q - a potion of magic {unknown}
 r - a potion of curing {@q1}
 t - a potion of flight {unknown}
 v - a potion of resistance {unknown}
 z - a potion of mutation {unknown}
Comestibles
 e - 2 rations {!d}


   Skills:
 + Level 10.3 Fighting
 * Level 14.6 Axes
 + Level 2.6 Armour
 - Level 1.5 Dodging
 + Level 1.0 Evocations


You had 9 spell levels left.
You didn't know any spells.

Dungeon Overview and Level Annotations

Branches:
Dungeon (10/15)              Lair (0/6) D:10
 Temple: D:4-7          Orc: D:9-12

Altars:
Ashenzari
Kikubaaqudgha
Makhleb
Nemelex Xobeh
Okawaru
Qazlal
Sif Muna

Annotations:
D:10 Erica


Message History

The electric eel shoots out a bolt of lightning at you!
The bolt of electricity hits you! The sky beast closely misses you.
The electric eel shoots out a bolt of lightning at you!
The bolt of electricity hits you!
You hit the sky beast.
The sky beast is lightly wounded.
The sky beast hits you but does no damage.
The electric eel shoots out a bolt of lightning at you!
The bolt of electricity hits you!
You slash the sky beast!
The sky beast is heavily wounded.
The sky beast hits you but does no damage.
The electric eel shoots out a bolt of lightning at you!
The bolt of electricity hits you!
Erica the Fiery-Tempered comes into view.
She is wielding a scimitar of flaming.
Erica shouts!
You hit the sky beast.
The sky beast is severely wounded.
The sky beast completely misses you.
You slash the sky beast!
You kill the sky beast!
Trog accepts your kill.
Your Evocations skill increases to level 1!
The electric eel shoots out a bolt of lightning at you!
The bolt of electricity hits you!
* * * LOW HITPOINT WARNING * * *
Erica says, "I love to fight, but killing is better."
A shadow imp comes into view.
You are too injured to fight recklessly!
You are too injured to fight recklessly!
Unknown command.
As you read the scroll of fog, it crumbles to dust.
The scroll dissolves into smoke.
The shadow imp shouts!
The electric eel shoots out a bolt of lightning at you!
The bolt of electricity hits you!
* * * LOW HITPOINT WARNING * * *
Erica casts a spell.
Erica flickers and vanishes for a moment.
Unknown command.
You enter the shallow water.
Moving in this stuff is going to be slow.
You see here an electric eel corpse.
Erica casts a spell at you. The bolt of poison hits you!
You are poisoned.
* * * LOW HITPOINT WARNING * * *
You feel sick.
You feel sick.
Unknown command.
As you read the scroll of teleportation {!d}, it crumbles to dust.
You feel strangely unstable.
You feel sick.
Unknown command.
You turn into a tree.
Your +0 cloak melds into your body.
Your +0 pair of boots melds into your body.
Your cursed +0 chain mail melds into your body.
Your roots penetrate the ground.
You feel strangely stable.
You feel sick.
Erica hits you with a scimitar of flaming.
* * * LOW HITPOINT WARNING * * *
Erica burns you.
* * * LOW HITPOINT WARNING * * *
It was a potion of haste.
You feel yourself speed up.
You feel sick. Erica hits you but does no damage.
The shadow imp hits you but does no damage. x2
It was a potion of curing.
You feel better. Erica hits you but does no damage.
The shadow imp hits you but does no damage.
You feel as though your hastened speed will last longer.
Erica casts a spell at you.
You are confused.
The shadow imp hits you but does no damage.
You cannot move. (Use ctrl+direction to attack without moving.)
You cannot move. (Use ctrl+direction to attack without moving.)
You cannot move. (Use ctrl+direction to attack without moving.)
You cannot move. (Use ctrl+direction to attack without moving.)
You cannot move. (Use ctrl+direction to attack without moving.)
You cannot move. (Use ctrl+direction to attack without moving.)
You cannot move. (Use ctrl+direction to attack without moving.)
You cannot move. (Use ctrl+direction to attack without moving.)
You barely miss the shadow imp. You slash Erica!
You feel yourself speed up.
Erica hits you with a scimitar of flaming.
* * * LOW HITPOINT WARNING * * *
Erica burns you.
* * * LOW HITPOINT WARNING * * *
You slash the shadow imp!
You kill the shadow imp!
Trog accepts your kill.
You barely miss Erica.
You nearly hit yourself!
Erica hits you but does no damage.
You hit Erica. You drain Erica! You miss Erica.
Erica is moderately wounded.
Erica gestures at you while chanting.
You are more confused.
You closely miss Erica. You hit Erica.
Erica is moderately wounded.
Erica gestures at you while chanting. The bolt of poison hits you! You resist.
You die...

...........# #....###
. .###....# #......#
# #.... #..#..##
##....#####...#.##
.................#.#
....[............#..#
..≈...≈≈..≈≈....#####
.≈≈.≈.≈≈≈.≈.....##
≈≈≈.≈.≈≈≈.≈≈.@♣..#
≈≈≈≈≈.§≈≈≈......#.#
≈≈≈≈≈.§§§........#.#
.≈≈≈≈.§≈≈≈†......#.#
.≈≈≈.§§.§≈§......# .
≈≈≈.;§§†≈≈≈≈......# #
≈≈≈..§§≈≈≈≈≈≈...#.#
.≈....§≈≈≈≈≈≈#...#..
≈≈.≈.>.≈≈≈≈≈≈#......


You could see Erica (invisible).

Vanquished Creatures
  An ugly thing (D:10)
  A hornet (D:10)
  A hippogriff (D:9)
  2 wraiths
  A water moccasin (D:10)
  An orc warrior (D:9)
  2 sky beasts
  An ice beast (D:8)
  A black bear (D:9)
  2 ogres
  A phantom (D:5)
  A centaur (D:10)
  3 wolves (D:10)
  A crocodile (D:10)
  2 big kobolds (D:10)
  A bullfrog (D:10)
  A wyvern skeleton (D:4)
  2 scorpions
  4 wights (D:10)
  2 electric eels (D:10)
  2 howler monkeys
  2 crimson imps
  A centaur zombie (D:10)
  A bullfrog zombie (D:10)
  2 jellies
  5 hounds
  An orc priest (D:9)
  Natasha (D:4)
  2 iguanas
  A worker ant (D:8)
  3 orc wizards
  2 hound skeletons
  9 adders
  2 shadow imps (D:10)
  An ooze (D:5)
  A dart slug (D:3)
  A leopard gecko (D:1)
  10 orcs
  2 bats
  A giant cockroach (D:2)
  A goblin (D:3)
  2 hobgoblins (D:1)
  2 jackals (D:1)
  12 kobolds
  3 quokkas
  2 ball pythons
  3 frilled lizards
  A leopard gecko skeleton (D:5)
  3 rats
110 creatures vanquished.

Notes
Turn   | Place    | Note
-------+----------+-------------------------------------------
     0 | D:1      | dstrtnsr the Hill Orc Berserker began the quest for the Orb.
     0 | D:1      | Reached XP level 1. HP: 19/19 MP: 1/1
   161 | D:1      | Reached XP level 2. HP: 27/27 MP: 2/2
   330 | D:2      | Found a shattered altar of Ashenzari.
   421 | D:3      | Reached skill level 5 in Axes
   421 | D:3      | Reached XP level 3. HP: 33/33 MP: 3/3
   499 | D:3      | HP: 13/33 [bat (1)]
   829 | D:3      | HP: 13/34 [poisoned by a kobold]
   834 | D:3      | HP: 17/76 [poisoned by a kobold]
   839 | D:3      | HP: 9/51 [poisoned by a kobold]
   844 | D:3      | HP: 6/51 [poisoned by a kobold]
   850 | D:3      | HP: 3/51 [poisoned by a kobold]
   855 | D:3      | HP: 2/51 [poisoned by a kobold]
  1305 | D:3      | Reached XP level 4. HP: 41/41 MP: 4/4
  1494 | D:3      | Reached ** piety under Trog
  1648 | D:4      | Noticed Natasha
  1658 | D:4      | Killed Natasha
  1658 | D:4      | Reached skill level 6 in Axes
  1752 | D:4      | Reached XP level 5. HP: 33/47 MP: 5/5
  1760 | D:4      | HP: 13/47 [wyvern skeleton (8)]
  1764 | D:4      | HP: 6/47 [wyvern skeleton (2)]
  1765 | D:4      | Reached skill level 5 in Fighting
  1765 | D:4      | Reached skill level 7 in Axes
  1798 | D:4      | Noticed a centaur
  1799 | D:5      | Entered Level 5 of the Dungeon
  2157 | D:5      | Found a deep blue altar of Sif Muna.
  2157 | D:5      | Found an iron altar of Okawaru.
  2214 | D:5      | Noticed a phantom
  2233 | D:5      | Killed a phantom
  2233 | D:5      | Reached XP level 6. HP: 29/56 MP: 6/6
  2420 | D:5      | Found a sparkling altar of Nemelex Xobeh.
  2780 | D:5      | HP: 19/56 [ogre/giant club (9)]
  2781 | D:5      | Reached skill level 8 in Axes
  3272 | D:6      | Reached XP level 7. HP: 54/63 MP: 7/7
  3529 | D:7      | Noticed a wraith
  3543 | D:7      | Killed a wraith
  3543 | D:7      | Reached skill level 9 in Axes
  4298 | D:7      | Reached skill level 10 in Axes
  4486 | D:8      | Reached XP level 8. HP: 67/73 MP: 8/8
  4519 | D:8      | Found a stormy altar of Qazlal.
  4669 | D:8      | Noticed a wraith
  4685 | D:8      | HP: 43/109 [wraith (10)]
  4689 | D:8      | Killed a wraith
  5004 | D:8      | Found a burning altar of Makhleb.
  5009 | D:8      | Reached skill level 11 in Axes
  5052 | D:8      | Found an ancient bone altar of Kikubaaqudgha.
  5597 | D:9      | Noticed a hippogriff
  5606 | D:9      | Killed a hippogriff
  5606 | D:9      | Reached skill level 12 in Axes
  5606 | D:9      | Reached XP level 9. HP: 82/82 MP: 9/9
  5635 | D:10     | Entered Level 10 of the Dungeon
  5862 | D:10     | Reached *** piety under Trog
  5884 | D:10     | Reached skill level 13 in Axes
  6084 | D:10     | Noticed a green ugly thing
  6098 | D:10     | Killed a green ugly thing
  6405 | D:10     | Noticed a hornet
  6409 | D:10     | Reached skill level 14 in Axes
  6415 | D:10     | Paralysed by a hornet for 3 turns
  6426 | D:10     | Killed a hornet
  6426 | D:10     | Reached skill level 10 in Fighting
  6457 | D:10     | Reached XP level 10. HP: 45/93 MP: 10/10
  6743 | D:10     | Found a staircase to the Lair.
  6761 | D:10     | Noticed Erica
  6762 | D:10     | Reached skill level 1 in Evocations
  6762 | D:10     | HP: 28/94 [electric eel/bolt of electricity (14)]
  6768 | D:10     | HP: 12/94 [Erica/bolt of poison (13)]
  6773 | D:10     | HP: 5/141 [poisoned by Erica (bolt of poison)]
  6782 | D:10     | Killed from afar by Erica

Vault maps used:
D:1:      mrwooster_arrival_arrow
D:2:      evilmike_ruin_ashenzari
D:4:      serial_forest, infiniplex_forest_join, infiniplex_forest_clump_small,
          infiniplex_forest_lined_ring, infiniplex_forest_straight_3,
          infiniplex_forest_corner_1, infiniplex_forest_clump_cross,
          infiniplex_forest_split, infiniplex_forest_pool, uniq_natasha,
          uniq_grinder, uniq_blork_the_orc
D:5:      nemelex_xobeh_ov_fountains_minmay, gammafunk_temple_overflow_statue,
          first_ration, serial_shops, shop
D:6:      kennysheep_little_box, nicolae_underground_beach
D:7:      minmay_opposing_rooms, temple_green
D:8:      lemuel_coloured_pillars_altar, kiku_gazebo_pond_becter,
          makhleb_grotto_becter
D:9:      blue_anna_alchemist
D:10:     erik_lair_island, serial_glass, glass_columns_a, glass_columns_b,
          due_unseen_surprise, feat_on_display, item_on_display_a,
          item_on_display_a, minmay_misc_feat_iff, uniq_erica

Skill      XL: |  1  2  3  4  5  6  7  8  9 10 |
---------------+-------------------------------+-----
Fighting       | 4 5 6 7 8 10 | 10.3
Axes           | 5 6 7 8 10 12 14 | 14.6
Evocations     | 1 |  1.0
Armour         | |  2.6
Dodging        | |  1.5

Action                   |  1- 3 |  4- 6 |  7- 9 | 10-12 || total
-------------------------+-------+-------+-------+-------++-------
Melee: Hand axe          |    81 |   123 |   114 |       ||   318
       War axe           |       |       |   128 |    27 ||   155
Invok: Berserk           |     4 |     3 |     9 |     1 ||    17
       Trog's Hand       |       |       |     1 |       ||     1
  Use: Potion            |     1 |       |       |     4 ||     5
       Scroll            |       |       |     4 |     2 ||     6
  Eat: Chunk             |     3 |     6 |    10 |       ||    19
       Ration            |       |     1 |     3 |       ||     4
Armor: Animal skin       |    17 |       |       |       ||    17
       Chain mail        |     7 |    56 |   116 |    10 ||   189
       Skin              |       |       |       |     7 ||     7
Dodge: Dodged            |    71 |    57 |    74 |     5 ||   207

Table legend:
 A = Spawn XP
 B = Non-spawn XP
 C = Spawn XP percentage of total XP
 D = Spawn monster count
 E = Non-spawn monster count
 F = Spawn count percentage of total count
 G = Total turns spent on level
                    A         B        C        D         E        F      G
               +---------+---------+-------+---------+---------+-------+---------
         Total |       0 |    5252 |   0.0 |       0 |     110 |   0.0 |  6782
               +---------+---------+-------+---------+---------+-------+---------
           D:1 |       0 |      19 |   0.0 |       0 |      11 |   0.0 |   311
           D:2 |       0 |       4 |   0.0 |       0 |       3 |   0.0 |    41
           D:3 |       0 |      87 |   0.0 |       0 |      15 |   0.0 |  1274
           D:4 |       0 |     167 |   0.0 |       0 |       3 |   0.0 |   173
           D:5 |       0 |     314 |   0.0 |       0 |       8 |   0.0 |  1407
           D:6 |       0 |      94 |   0.0 |       0 |       3 |   0.0 |   280
           D:7 |       0 |     499 |   0.0 |       0 |      13 |   0.0 |   860
           D:8 |       0 |     720 |   0.0 |       0 |      11 |   0.0 |  1201
           D:9 |       0 |     608 |   0.0 |       0 |       8 |   0.0 |    88
          D:10 |       0 |    2740 |   0.0 |       0 |      35 |   0.0 |  1147
               +---------+---------+-------+---------+---------+-------+---------
